 Dungeon Crawl Stone Soup version 0.24-a0-769-g368c1644f8 (webtiles) character file.

Game seed: 163455712710353654, levelgen mode: deterministic

5334 LabCoat the Cleaver (level 10, -1/129 HPs)
             Began as a Hill Orc Fighter on Oct 5, 2019.
             Was a Follower of Trog.
             Killed from afar by an electric eel (4 damage)
             ... with a bolt of electricity
             ... on level 8 of the Dungeon.
             The game lasted 00:35:25 (9147 turns).

LabCoat the Cleaver (Hill Orc Fighter)              Turns: 9147, Time: 00:35:27

Health: -1/129     AC: 17    Str: 28    XL:     10   Next: 64%
Magic:  10/10      EV: 11    Int:  8    God:    Trog [*.....]
Gold:   109        SH: 12    Dex: 15    Spells: 9/9 levels left

rFire    . . .     SeeInvis +   a - +1 war axe
rCold    . . .     Gourm    .   c - +0 shield
rNeg     . . .     Faith    .   h - +1 plate armour
rPois    .         Spirit   .   L - +0 helmet
rElec    .         Reflect  .   J - +0 cloak
rCorr    .         Harm     .   u - +0 pair of gloves
MR       +....                  (no boots)
Stlth    ..........             i - amulet of the acrobat
HPRegen  0.31/turn              q - ring of see invisible
MPRegen  0.12/turn              m - ring of protection from magic

@: mighty, agile, berserking, very quick
A: no striking features
a: Berserk, Renounce Religion


You were on level 8 of the Dungeon.
You worshipped Trog.
Trog was aware of your devotion.
You were hungry.

You visited 2 branches of the dungeon, and saw 9 of its levels.
You also visited: Ossuary.

You collected 394 gold pieces.
You spent 285 gold pieces at shops.

Inventory:

Hand Weapons
 a - a +1 war axe (weapon)
 y - a +0 morningstar
Missiles
 n - 34 poisoned darts (quivered)
Armour
 c - a +0 shield (worn)
 h - a +1 plate armour (worn)
 u - a +0 pair of gloves (worn)
 J - a +0 cloak (worn)
 L - a +0 helmet (worn)
Jewellery
 i - an amulet of the acrobat (around neck)
 m - a ring of protection from magic (right hand)
 q - a ring of see invisible (left hand)
 s - an uncursed amulet of harm
 B - an uncursed ring of protection from magic
 G - an uncursed ring of stealth
 K - an uncursed ring of positive energy {unknown}
 P - an uncursed ring of fire {unknown}
 Q - an uncursed ring of magical power
 S - an uncursed ring of protection from cold {unknown}
Wands
 l - a wand of disintegration (8)
 t - a wand of paralysis (13)
 A - a wand of iceblast (9)
 O - a wand of random effects (12)
Scrolls
 b - a scroll of immolation {unknown}
 e - 2 scrolls of remove curse
 o - a scroll of fear {unknown}
 r - 4 scrolls of teleportation
 w - 4 scrolls of enchant weapon
 E - 5 scrolls of magic mapping
 I - 2 scrolls of blinking {unknown}
 M - a scroll of summoning {unknown}
Potions
 d - a potion of might
 g - 3 potions of agility
 j - a potion of resistance
 k - 2 potions of haste
 p - a potion of brilliance
 v - 2 potions of ambrosia
 x - 2 potions of magic
 z - 4 potions of curing
 C - a potion of cancellation {unknown}
 D - 2 potions of flight {unknown}
 F - a potion of lignification {unknown}
 H - a potion of heal wounds {unknown}
 R - a potion of invisibility
 T - a potion of degeneration {unknown}
Comestibles
 f - 16 rations


   Skills:
 + Level 7.2 Fighting
 * Level 14.7 Axes
 + Level 3.6 Throwing
 + Level 6.2 Armour
 + Level 7.1 Shields


You had 9 spell levels left.
You didn't know any spells.
Your spell library was empty.

Dungeon Overview and Level Annotations

Branches:
Dungeon (8/15)             Temple (1/1) D:7         Ossuary (visited)
   Lair: D:8-11

Altars:
Ashenzari
Cheibriados
Dithmenos
Elyvilon
Fedhas
Gozag
Hepliaklqana
Kikubaaqudgha
Makhleb
Nemelex Xobeh
Okawaru
Qazlal
Ru
Sif Muna
Trog
Uskayaw
Vehumet
Wu Jian
Xom
Yredelemnul
Zin
The Shining One

Shops:
D:8 !


Message History

* * * LOW HITPOINT WARNING * * *
The bolt of electricity hits you!
* * * LOW HITPOINT WARNING * * *
You are feeling hungry.
You slash the electric eel!
The electric eel is almost dead.
You slash the electric eel! You closely miss the electric eel.
The electric eel is almost dead.
You miss the electric eel.
The electric eel shoots out a bolt of lightning at you!
The bolt of electricity hits you but does no damage.
You slice the electric eel!!
You kill the electric eel!
Trog accepts your kill.
You hear a splash.
You closely miss the electric eel.
The electric eel shoots out a bolt of lightning at you!
The bolt of electricity hits you.
You die...

...#........###...#.#....#.#....#
##.#................#.#†##.#.##..
...#..###############<#.##.#.####
####....# ##....≈≈≈≈###.##.#.....
...####.###≈########.##..........
...# #.##≈##..P??≈##.#..#.######
...# #.##≈#...P..≈≈#.#..#.......
...# #.##.#....≈!.≈#.#..########
...# #.##.#'..≈@.≈≈#≈#..........
...# #.##..#..†;≈≈##≈##........#
...# #.###.##########)#######...
#######.# #≈≈##..P..≈##≈# #..#
........# ##≈#...P..≈≈#≈# ##..
........# #≈#....÷÷.≈#.# ###
........# #.#'..P≈≈≈≈#.# #
######### #..#.....≈##'## ...#
##.########...# ###


You could see an electric eel.

Vanquished Creatures
  A two-headed ogre (D:8)
  Pikel (D:4)
  A spriggan (D:7)
  3 yaks (D:8)
  2 wyverns (D:8)
  2 phantoms
  A slave (D:4)
  2 ice beasts
  A sky beast (D:7)
  A black bear (D:7)
  A necrophage (D:5)
  An ogre (D:5)
  2 big kobolds (D:8)
  A bullfrog (D:6)
  A water moccasin zombie (Ossuary)
  3 scorpions
  9 killer bees
  5 wights (D:7)
  4 howler monkeys
  5 electric eels (D:8)
  A jelly (D:6)
  8 crimson imps
  A bullfrog zombie (D:5)
  2 centaur zombies
  4 hounds
  2 bullfrog skeletons
  An orc priest (D:8)
  A centaur skeleton (D:5)
  An iguana (D:4)
  6 orc wizards
  4 worker ants
  6 big kobold zombies (Ossuary)
  A hound skeleton (D:6)
  2 mummies (Ossuary)
  7 adders
  A shadow imp (D:6)
  8 adder zombies
  A worm (D:3)
  4 dart slugs
  3 leopard geckos
  23 orcs
  4 giant cockroaches
  6 goblins
  8 hobgoblins
  11 jackals
  5 quokkas
  5 bats
  4 frilled lizards
  2 gnoll zombies (Ossuary)
  3 hobgoblin zombies (Ossuary)
  A jackal skeleton (D:5)
  13 kobolds
  4 kobold zombies (Ossuary)
  2 leopard gecko skeletons
  6 orc zombies (Ossuary)
  6 rats
214 creatures vanquished.

Vanquished Creatures (others)
  An orc wizard (D:4)
  An adder (D:2)
  A giant cockroach (D:4)
  2 plants (D:8)
5 creatures vanquished.

Grand Total: 219 creatures vanquished

Notes
Turn   | Place    | Note
-------+----------+-------------------------------------------
     0 | D:1      | LabCoat the Hill Orc Fighter began the quest for the Orb.
     0 | D:1      | Reached XP level 1. HP: 19/19 MP: 1/1
   178 | D:1      | Reached skill level 3 in Axes
   178 | D:1      | Reached XP level 2. HP: 27/27 MP: 2/2
   429 | D:1      | Reached XP level 3. HP: 33/33 MP: 3/3
   680 | D:2      | Found a radiant altar of Vehumet.
   720 | D:2      | Reached skill level 4 in Axes
   769 | D:2      | Reached XP level 4. HP: 37/40 MP: 4/4
   828 | D:2      | Reached skill level 5 in Axes
  1055 | D:2      | Noticed an angel
  1056 | D:2      | Found a glowing silver altar of Zin.
  1505 | D:3      | Reached XP level 5. HP: 36/46 MP: 5/5
  2323 | D:4      | Reached skill level 6 in Axes
  2451 | D:4      | Found a sand-covered staircase.
  2456 | Ossuary  | Entered an ossuary
  2491 | Ossuary  | Reached XP level 6. HP: 42/52 MP: 6/6
  2648 | Ossuary  | Reached skill level 7 in Axes
  2795 | D:4      | Noticed a phantom
  2866 | D:4      | Killed a phantom
  2866 | D:4      | Reached skill level 8 in Axes
  2866 | D:4      | Reached XP level 7. HP: 54/60 MP: 7/7
  3147 | D:4      | Reached skill level 1 in Throwing
  3338 | D:4      | Noticed Pikel
  3349 | D:4      | Killed Pikel
  3349 | D:4      | Reached skill level 5 in Fighting
  3349 | D:4      | Reached skill level 10 in Axes
  3349 | D:4      | Reached XP level 8. HP: 63/68 MP: 8/8
  3561 | D:4      | Found a shattered altar of Ashenzari.
  3687 | D:5      | Entered Level 5 of the Dungeon
  3738 | D:5      | Reached skill level 5 in Shields
  4025 | D:5      | Reached skill level 11 in Axes
  4530 | D:5      | Reached XP level 9. HP: 69/75 MP: 9/9
  4889 | D:6      | Reached skill level 5 in Armour
  5013 | D:6      | Reached skill level 12 in Axes
  5223 | D:6      | Found a shadowy altar of Dithmenos.
  5525 | D:6      | Found a white marble altar of Elyvilon.
  5930 | D:7      | Found a staircase to the Ecumenical Temple.
  5959 | Temple   | Entered the Ecumenical Temple
  6062 | Temple   | Became a worshipper of Trog the Wrathful
  6773 | D:7      | Reached skill level 13 in Axes
  7304 | D:8      | Reached XP level 10. HP: 60/84 MP: 10/10
  7734 | D:8      | Noticed a two-headed ogre
  7747 | D:8      | Killed a two-headed ogre
  7747 | D:8      | Reached skill level 14 in Axes
  7996 | D:8      | Reached * piety under Trog
  8036 | D:8      | Found a shimmering altar of Xom.
  8177 | D:8      | Found Zoatiheu's Distillery.
  8185 | D:8      | Bought a potion of invisibility for 120 gold pieces
  8185 | D:8      | Bought 2 potions of agility for 120 gold pieces
  8185 | D:8      | Bought a potion of curing for 45 gold pieces
  9144 | D:8      | HP: 3/129 [electric eel/bolt of electricity (7)]
  9147 | D:8      | Killed from afar by an electric eel

Levels and vault maps discovered:
D:1:      zaba_arrival_water, layout_basic, palyth_stone_intersect,
          kennysheep_decorative_pillar
D:2:      layout_rooms, zin_angel, fiery_altar_vehumet
D:3:      layout_basic, first_ration
D:4:      layout_basic, overflow_temple_1_default, enter_ossuary_2,
          abandoned_shop, chequers_serial_rivers_room_b, minmay_diced_spiral,
          uniq_pikel
D:5:      layout_gridville
D:6:      layout_basic, basic_altar, nicolae_dithmenos_shadow_blocks
D:7:      layout_cave_pods, minmay_temple_entry_arrows, the_bakery,
          wad_floor_pattern_2
D:8:      cheibrodos_two_vegetables, layout_basic, old_standard_altar,
          serial_co_window_serial, co_window_cross_1,
          co_window_of_opportunity_a, co_window_paths_a, co_window_corner_a,
          co_window_paths_b, co_window_paths_a, co_window_corner_a,
          co_window_2corner, co_window_unsneaky_path_e, co_window_corner_b,
          glass_columns_a, glass_columns_a, glass_columns_a, serial_shops,
          kennysheep_little_box
Temple:   hc_temple_tempest_star

Skill      XL: |  1  2  3  4  5  6  7  8  9 10 |
---------------+-------------------------------+-----
Axes           | 3 4 5 6 8 10 11 13 14 | 14.7
Fighting       | 4 5 6 7 |  7.2
Armour         | 4 5 6 |  6.2
Shields        | 4 5 6 7 |  7.1
Throwing       | 1 2 3 |  3.6

Action                   |  1- 3 |  4- 6 |  7- 9 | 10-12 || total
-------------------------+-------+-------+-------+-------++-------
Melee: War axe           |    59 |   303 |   404 |   163 ||   929
Throw: Dart              |       |    21 |    45 |    21 ||    87
Invok: Berserk           |       |       |       |     2 ||     2
  Use: Scroll            |     8 |     2 |     7 |     2 ||    19
       Potion            |       |       |     1 |     4 ||     5
  Eat: Chunk             |       |     3 |     2 |       ||     5
       Ration            |       |     2 |     3 |     2 ||     7
Armor: Scale mail        |    10 |       |       |       ||    10
       Plate armour      |    21 |   122 |   207 |    43 ||   393
Dodge: Dodged            |    16 |    54 |    69 |    32 ||   171
Block: Shield            |    31 |   125 |   193 |    48 ||   397

Table legend:
 A = Non-vault XP
 B = Vault XP
 C = Vault XP percentage of total XP
 D = Non-vault monster count
 E = Vault monster count
 F = Vault count percentage of total count
                 A         B        C        D         E       F
            +---------+---------+-------+---------+---------+-------
      Total |    5869 |    1751 |  23.0 |     176 |      38 |  17.8
            +---------+---------+-------+---------+---------+-------
        D:1 |      40 |       0 |   0.0 |      19 |       0 |   0.0
        D:2 |      84 |       0 |   0.0 |      17 |       0 |   0.0
        D:3 |      70 |       0 |   0.0 |      24 |       0 |   0.0
        D:4 |     415 |     663 |  61.5 |      15 |       1 |   6.2
        D:5 |     800 |       0 |   0.0 |      18 |       0 |   0.0
        D:6 |     675 |       0 |   0.0 |      23 |       0 |   0.0
        D:7 |    1078 |     220 |  16.9 |      23 |       1 |   4.2
        D:8 |    2707 |     563 |  17.2 |      37 |       7 |  15.9
    Ossuary |       0 |     305 | 100.0 |       0 |      29 | 100.0
            +---------+---------+-------+---------+---------+-------
